 Dungeon Crawl Stone Soup version 0.29.1-15-g9cfb28693d (webtiles) character file.

Game seed: 7777946569491891181

42 Heoruswealwe the Digger (level 3, 0/19 HPs)
             Began as a Deep Elf Earth Elementalist on Apr 11, 2023.
             Succumbed to an adder's poison
             ... on level 2 of the Dungeon.
             The game lasted 00:09:24 (761 turns).

Heoruswealwe the Digger (DEEE)                       Turns: 761, Time: 00:09:25

Health: 0/19       AC:  2    Str:  5    XL:     3   Next: 33%
Magic:  6/10       EV: 12    Int: 21    God:
Gold:   58         SH:  0    Dex: 15    Spells: 3/9 levels left

rFire   . . .      SeeInvis .   (no weapon)
rCold   . . .      Faith    .   (no shield)
rNeg    . . .      Spirit   .   a - +0 robe
rPois   .          Reflect  .   (no helmet)
rElec   .          Harm     .   (no cloak)
rCorr   .          Rampage  .   (no gloves)
Will    .....                   (no boots)
Stlth   ++........              (no amulet)
HPRegen 0.06/turn               (no ring)
MPRegen 0.12/turn               (no ring)

@: lethally poisoned (0 -> -6)
A: no striking features
a: no special abilities


You were on level 2 of the Dungeon.
You visited 1 branch of the dungeon, and saw 2 of its levels.

You collected 58 gold pieces.

Inventory:

Armour
 a - a +0 robe (worn)
 e - a +0 robe
Scrolls
 c - a scroll of poison {unknown}
 f - a scroll of immolation {unknown}
 g - a scroll of teleportation {unknown}
 h - a scroll of brand weapon {unknown}
 k - a scroll of identify {unknown}
 l - a scroll of fog {unknown}
Potions
 b - a potion of magic
 d - a potion of lignification {unknown}
 i - a potion of curing {unknown}
 j - a potion of berserk rage {unknown}


   Skills:
 - Level 2.4 Dodging
 - Level 2.4 Stealth
 + Level 3.6 Spellcasting
 + Level 1.5 Conjurations
 + Level 2.1 Transmutations
 + Level 3.7 Earth Magic


You had 3 spell levels left.
You knew the following spells:

 Your Spells              Type           Power      Damage    Failure   Level
a - Sandblast             Erth           38%        2d10      2%          1
b - Stone Arrow           Conj/Erth      28%        3d8       13%         3
z - Passwall              Tmut/Erth      13%        N/A       6%          2

Your spell library contained the following spells:

 Spells                   Type           Power      Damage    Failure   Level
 Apportation              Tloc           6%         N/A       13%         1
 Petrify                  Tmut/Erth      16%        N/A       36%         4
 Alistair's Intoxication  Tmut/Pois      5%         N/A       92%         5


Dungeon Overview and Level Annotations

Branches:
Dungeon (2/15)

Altars:
Nemelex Xobeh

Annotations:
D:2 Terence


Message History

The jackal barks!
The blast of sand hits the jackal!
You kill the jackal!
You see here a jackal corpse.
You open the door.
Found a fuming emerald potion.
There is an open door here.
j - a fuming emerald potion
Found 10 gold pieces and 3 stones.
Found a scroll labelled VUMYJEHUFY.
You open the door.
You see here 3 stones.
k - a scroll labelled VUMYJEHUFY
Found a scroll labelled QEAT SODALIOLACE.
Found a falchion.
You now have 58 gold pieces (gained 10).
l - a scroll labelled QEAT SODALIOLACE Terence the Incautious comes into view.
He is wielding a +0 falchion and carrying a wand of flame (24).
You see here a +0 falchion.
You can't see any susceptible monsters within range! (Use Z to cast anyway.) Terence zaps a wand.
The puff of flame misses you.
The blast of sand hits Terence but does no damage.
The blast of sand hits Terence but does no damage.
An adder comes into view.
The blast of sand hits Terence but does no damage.
The adder hisses angrily.
Terence zaps a wand.
The puff of flame misses you.
The blast of sand misses Terence.
Terence hits you with a +0 falchion. x2
The blast of sand hits Terence but does no damage.
The adder barely misses you. Terence hits you with a +0 falchion.
* * * LOW HITPOINT WARNING * * *
The adder barely misses you. The adder attacks as you move away!
The adder bites you.
* * * LOW HITPOINT WARNING * * *
You are lethally poisoned!
The adder poisons you!
* * * LOW HITPOINT WARNING * * *
You feel sick. Terence misses you.
Found a ring mail.
You die...

## #....#....... ...
#####....####.(.. ....
#........####....
....#
#................
....##......#.........
#.........#........#
##.@.....#........'
#..S..).#........#
#@#######........#
#...# #......... ###.#
###.###### ...
#..##### #.# #.....##
.[# #.....# #.#
#.._..## #.# #......#
#..###.......


You could see Terence and an adder.

Vanquished Creatures
  An adder (D:2)
  2 dart slugs (D:2)
  2 ball pythons
  3 endoplasms (D:1)
  A giant cockroach (D:1)
  A goblin (D:2)
  3 hobgoblins (D:1)
  2 jackals (D:2)
  2 quokkas
  2 bats
  3 frilled lizards
  4 kobolds
  3 rats
29 creatures vanquished.

Notes
Turn   | Place    | Note
-------+----------+-------------------------------------------
     0 | D:1      | Heoruswealwe the Deep Elf Earth Elementalist began the
                  | quest for the Orb.
     0 | D:1      | Reached XP level 1. HP: 10/10 MP: 6/6
   120 | D:1      | Reached XP level 2. HP: 15/15 MP: 4/8
   123 | D:1      | Learned a level 2 spell: Passwall
   346 | D:1      | Reached skill level 1 in Conjurations
   529 | D:2      | Found a sparkling altar of Nemelex Xobeh.
   653 | D:2      | Reached XP level 3. HP: 18/19 MP: 7/10
   657 | D:2      | Learned a level 3 spell: Stone Arrow
   749 | D:2      | Noticed Terence
   761 | D:2      | Succumbed to an adder's poison

Illustrated notes

Levels and vault maps discovered:
D:1:      heliophobic_arrival_battle_scene, layout_rooms
D:2:      layout_basic, basic_altar, minmay_pentomino_x4, uniq_terence,
          uniq_sigmund

Skill      XL: |  1  2  3 |
---------------+----------+-----
Conjurations   | 1 |  1.5
Transmutations | 2 |  2.1
Dodging        | |  2.4
Stealth        | |  2.4
Spellcasting   | |  3.6
Earth Magic    | |  3.7

Action                   || total
-------------------------++-------
 Cast: Sandblast         ||    49
       Passwall          ||     1
Armor: Robe              ||     2
Dodge: Dodged            ||     9
